 Dungeon Crawl Stone Soup version 0.28.0 (webtiles) character file.

Game seed: 11115484128134335565

368 hikkokomori the Chopper (level 6, -1/51 HPs)
             Began as a Minotaur Wanderer on Feb 6, 2022.
             Slain by Eustachio (5 damage)
             ... on level 4 of the Dungeon.
             The game lasted 00:08:46 (3229 turns).

hikkokomori the Chopper (Minotaur Wanderer)         Turns: 3229, Time: 00:08:47

Health: -1/51      AC:  6    Str: 21      XL:     6   Next: 41%
Magic:  5/5        EV:  7    Int:  5      God:
Gold:   117        SH: 15    Dex:  5 (11) Spells: 5/5 levels left

rFire   . . .      SeeInvis .   a - +0 war axe
rCold   + . .      Faith    .   g - +0 tower shield
rNeg    . . .      Spirit   .   e - +2 leather armour {rC+}
rPois   .          Reflect  +   (helmet restricted)
rElec   .          Harm     .   (no cloak)
rCorr   .          Rampage  .   (no gloves)
Will    .....                   p - +0 pair of boots
Stlth   +.........              t - amulet of reflection
HPRegen 0.17/turn               (no ring)
MPRegen 0.09/turn               (no ring)

@: brilliant
A: horns 2, retaliatory headbutt
a: no special abilities


You were on level 4 of the Dungeon.
You visited 1 branch of the dungeon, and saw 4 of its levels.

You collected 117 gold pieces.

Inventory:

Hand Weapons
 a - a +0 war axe (weapon)
 b - a +0 hunting sling
Missiles
 c - 22 sling bullets
 h - 66 stones (quivered)
Armour
 d - a +0 scale mail
 e - a +2 leather armour of cold resistance (worn)
 f - the +7 chain mail of Restlessness {rC++}
   (You acquired it on level 4 of the Dungeon)

   rC:        It greatly protects you from cold.
 g - a +0 tower shield (worn)
 p - a +0 pair of boots (worn)
Jewellery
 t - an amulet of reflection (around neck)
Scrolls
 k - a scroll of enchant weapon
 l - 4 scrolls of identify
 o - a scroll of amnesia
Potions
 s - a potion of mutation {unknown}
 w - a potion of berserk rage {unknown}


   Skills:
 + Level 3.5 Fighting
 + Level 6.0 Axes
 - Level 1.1 Slings
 + Level 4.3 Armour
 + Level 3.8 Dodging
 + Level 3.2 Shields


You had 5 spell levels left.
You didn't know any spells.
Your spell library was empty.

Dungeon Overview and Level Annotations

Branches:
Dungeon (4/15)
 Temple: D:4-7

Altars:

Shops:
D:2 (

Annotations:
D:4 Eustachio


Innate Abilities, Weirdness & Mutations

You have a pair of horns on your head.
You reflexively headbutt those who attack you in melee.


Message History

The river rat bites you but does no damage.
Unknown command.
You slash the river rat!
You kill the river rat!
The river rat's corpse disappears in a puff of smoke!
You feel less wooden.
Your +0 pair of boots unmelds from your body.
Your +2 leather armour of cold resistance unmelds from your body.
You feel resistant to cold. You block Eustachio's attack.
You closely miss Eustachio. Your headbutt misses Eustachio.
Eustachio is heavily wounded.
The crimson imp shouts, "Scamper away, thou worthless clapper-clawed cloven-toed!"
You block Eustachio's attack.
You miss Eustachio.
Eustachio is heavily wounded.
Eustachio mumbles some strange words.
Eustachio blinks!
Unknown command.
b - a +0 hunting sling (weapon)
You block the crimson imp's attack.
Fire: 23 sling bullets
Press: ? - help, Q - select action, (/) - cycle Shift-Dir - straight line, f - Eustachio
Aim: Eustachio, wielding a +0 rapier and wearing a +0 leather armour (heavily wounded, 35% to hit)
You shoot a sling bullet.
The sling bullet hits Eustachio but does no damage.
Eustachio is heavily wounded.
You block the crimson imp's attack. Eustachio hits you but does no damage.
a - a +0 war axe (weapon)
You block the crimson imp's attack.
You barely miss Eustachio.
Eustachio is heavily wounded.
You hit the crimson imp but do no damage.
Eustachio brags, "I can call spirits from the vasty deep."
Eustachio hits you with a +0 rapier!
* * * LOW HITPOINT WARNING * * *
The crimson imp shouts, "Slither hence, thou ducking moldwarp varlet!"
You block the crimson imp's attack.
The white imp lashes its tail.
Eustachio hits you with a +0 rapier.
You die...

#.....## #
#.#..##
####.#.....####
..(...........+
##.......####
######..# ##(#
#@# #@# # #5#
.## #5# ...#.
#5###......
#...5@....(
#####r.....
.(... (##. ..


You could see Eustachio, a crimson imp (summoned), a white imp (summoned) and an
ufetubus (summoned).

Vanquished Creatures
  Menkaure (D:4)
  A scorpion (D:4)
  A hound (D:4)
  A jelly (D:4)
  Terence (D:2)
  4 adders
  An adder skeleton (D:4)
  2 dart slugs
  5 orcs (D:3)
  9 endoplasms
  7 goblins
  5 hobgoblins
  4 quokkas
  7 ball pythons
  6 bats
  2 frilled lizards
  3 kobolds
  2 rats (D:1)
62 creatures vanquished.

Notes
Turn   | Place    | Note
-------+----------+-------------------------------------------
     0 | D:1      | hikkokomori the Minotaur Wanderer began the quest for the
                  | Orb.
     0 | D:1      | hikkokomori set off with the following items: a +0 war axe,
                  | a +0 hunting sling, 16 sling bullets, a +0 scale mail
     0 | D:1      | Reached XP level 1. HP: 16/16 MP: 0/0
   305 | D:1      | Reached XP level 2. HP: 18/23 MP: 1/1
   373 | D:1      | Reached skill level 5 in Axes
   578 | D:1      | Reached skill level 1 in Shields
   894 | D:2      | Reached XP level 3. HP: 29/29 MP: 2/2
  1190 | D:2      | Found Fuqav's Antique Weapon Shop.
  1588 | D:2      | Noticed Terence
  1603 | D:2      | Killed Terence
  1604 | D:2      | Reached XP level 4. HP: 28/37 MP: 3/3
  2827 | D:4      | Reached XP level 5. HP: 38/42 MP: 4/4
  3043 | D:4      | Noticed Menkaure
  3047 | D:4      | Killed Menkaure
  3048 | D:4      | Reached XP level 6. HP: 51/51 MP: 5/5
  3048 | D:4      | Noticed Eustachio
  3098 | D:4      | Reached skill level 6 in Axes
  3106 | D:4      | HP: 1/51 [quokka[Eustachio] (3)]
  3112 | D:4      | Identified a scroll of acquirement
  3112 | D:4      | Acquired the +7 chain mail of Restlessness {rC++}
  3229 | D:4      | Slain by Eustachio

Illustrated notes

Levels and vault maps discovered:
D:1:      ncdulo_smallfort, layout_loops_ring, hangedman_decor_peaks_small
D:2:      layout_loops_corners, serial_shops, nicolae_shop_hallway_stairs,
          uniq_terence
D:3:      layout_loops_ring
D:4:      layout_loops_corners, uniq_eustachio, uniq_menkaure

Skill      XL: |  1  2  3  4  5  6 |
---------------+-------------------+-----
Axes           | 5 6 |  6.0
Shields        | 1 2 3 |  3.2
Fighting       | 2 3 |  3.5
Armour         | 3 4 |  4.3
Dodging        | 3 |  3.8
Slings         | |  1.1

Action                   |  1- 3 |  4- 6 || total
-------------------------+-------+-------++-------
Melee: War axe           |    85 |   125 ||   210
       Headbutt          |    12 |    13 ||    25
 Fire: Hunting sling     |     2 |     9 ||    11
  Use: Scroll            |     1 |     6 ||     7
       Potion            |       |     7 ||     7
 Stab: Sleeping          |     1 |     1 ||     2
Armor: Leather armour    |    28 |    40 ||    68
       Skin              |       |    23 ||    23
Dodge: Dodged            |    33 |    56 ||    89
Block: Tower shield      |    55 |   172 ||   227
